 Dungeon Crawl Stone Soup version 0.30.0 (webtiles) character file.

Game seed: 16221422924544532994

11724 porkupine the Arsonist (level 11, -7/97 HPs)
             Began as a Naga Fire Elementalist on May 15, 2023.
             Was an Elder of Nemelex Xobeh.
             Mangled by a red devil
             ... wielding a +0 trident
             ... summoned by an orc high priest
              (19 damage)
             ... on level 2 of the Orcish Mines on May 16, 2023.
             The game lasted 01:14:40 (11409 turns).

porkupine the Arsonist (Naga Fire Elementalist)    Turns: 11409, Time: 01:14:41

Health: -7/97      AC:  8    Str: 13    XL:     11   Next: 82%
Magic:  20/30      EV: 11    Int: 20    God:    Nemelex Xobeh [****..]
Gold:   1377       SH:  0    Dex: 12    Spells: 9/24 levels left

rFire   + . .        a - +3 lajatang of War {venom, Str+3}
rCold   x . .        (shield currently unavailable)
rNeg    . . .        t - +0 leather armour of Qazlal's Felicitations {rPois MP+9}
rPois   +            H - +2 helmet
rElec   .            n - +0 cloak
rCorr   .            w - +2 pair of gloves
SInv    +            (no barding)
Will    +....        (no amulet)
Stlth   ++           u - +4 ring of protection
HPRegen 0.36/turn    K - ring of fire
MPRegen 0.22/turn

%: no passive effects
@: about to teleport, spiked, corroded, very slow
A: AC +3, large, see invisible, deformed body, poison resistance, slowness 2,
spit poison 1, naga tail 1
a: Spit Poison, Renounce Religion, Draw Escape, Draw Destruction, Draw
Summoning, Triple Draw, Deal Four


You were on level 2 of the Orcish Mines.
You worshipped Nemelex Xobeh.
Nemelex Xobeh was greatly pleased with you.
You visited 2 branches of the dungeon, and saw 11 of its levels.

You collected 1377 gold pieces.

Inventory:

Hand Weapons
 a - the +3 lajatang of War (weapon) {venom, Str+3}
   (You acquired it on level 3 of the Dungeon)

   Str:       It affects your strength (+3).
 b - a +0 arbalest
 e - a +0 heavy sling
 f - a +0 rapier
 q - a +0 long sword of holy wrath
 y - a +2 halberd of distortion
Missiles
 o - 25 poisoned darts
 A - 5 javelins
 B - a throwing net
Armour
 n - a +0 cloak (worn)
 t - the +0 leather armour of Qazlal's Felicitations (worn) {rPois MP+9}
   (You found it on level 4 of the Dungeon)

   rPois:     It protects you from poison.
   MP:        It affects your magic capacity (+9).
 w - a +2 pair of gloves (worn)
 H - a +2 helmet (worn)
Jewellery
 u - a +4 ring of protection (left hand)
 G - a ring of protection from fire
 K - a ring of fire (right hand)
Wands
 C - a wand of charming (14)
 I - a wand of iceblast (7)
 L - a wand of mindburst (6)
Scrolls
 r - 4 scrolls of poison
 s - a scroll of fear {unknown}
 x - 2 scrolls of amnesia {unknown}
 E - 2 scrolls of fog
 F - a scroll of teleportation
Potions
 c - a potion of degeneration {unknown}
 d - 2 potions of invisibility
 g - 4 potions of curing
 h - 5 potions of magic
 i - 3 potions of might
 j - 3 potions of brilliance
 k - 3 potions of attraction {unknown}
 l - 2 potions of heal wounds
 m - a potion of ambrosia {unknown}
 p - 2 potions of flight {unknown}
 v - 3 potions of mutation {unknown}
 z - a potion of resistance {unknown}
 D - 2 potions of haste {unknown}
Miscellaneous
 J - a lightning rod (inert)


   Skills:
 + Level 6.2 Fighting
 + Level 6.0 Staves
 + Level 5.7 Ranged Weapons
 + Level 5.5 Dodging
 - Level 3.0 Stealth
 * Level 7.2 Spellcasting
 * Level 7.8 Conjurations
 - Level 2.0 Translocations
 * Level 8.2 Fire Magic
 + Level 1.3 Invocations


You had 9 spell levels left.
You knew the following spells:

 Your Spells              Type           Power      Damage    Failure   Level
a - Foxfire               Conj/Fire      100%       2x1d9     1%          1
b - Scorch                Fire           100%       2d9       1%          2
c - Volatile Blastmotes   Fire/Tloc      82%        2d16      4%          3
d - Flame Wave            Conj/Fire      56%        2d13      4%          4
e - Fireball              Conj/Fire      28%        3d12      12%         5

Your spell library contained the following spells:

 Spells                   Type           Power      Damage    Failure   Level
 Momentum Strike          Conj/Tloc      52%        3d9       2%          2
 Apportation              Tloc           30%        N/A       5%          1
 Dazzling Flash           Conj/Hex       44%        N/A       7%          3
 Inner Flame              Hex/Fire       35%        N/A       7%          3
 Stone Arrow              Conj/Erth      44%        3d9       7%          3
 Blink                    Tloc           30%        N/A       8%          2
 Lesser Beckoning         Tloc           30%        N/A       8%          2
 Sandblast                Erth           14%        2d6       12%         1
 Slow                     Hex            28%        N/A       12%         1
 Iskenderun's Mystic Bla  Conj/Tloc      26%        2d7       16%         4
 Ensorcelled Hibernation  Hex/Ice        14%        N/A       19%         2
 Passwall                 Tmut/Erth      5%         N/A       19%         2
 Confusing Touch          Hex            7%         N/A       34%         3
 Spider Form              Tmut/Pois      7%         N/A       34%         3
 Vampiric Draining        Necr           7%         2d6       34%         3
 Starburst                Conj/Fire      28%        6d9       56%         6
 Anguish                  Hex/Necr       3%         N/A       75%         4
 Alistair's Intoxication  Tmut/Pois      4%         N/A       97%         5
 Plasma Beam              Fire/Air       17%        2x1d32    98%         6


Dungeon Overview and Level Annotations

Branches:
Dungeon (9/15)             Temple (0/1) D:7             Orc (2/2) D:9
    Elf (0/3) Orc:2
   Lair: D:8-11

Altars:
Ashenzari
Elyvilon
Fedhas
Gozag
Nemelex Xobeh
Okawaru
Uskayaw
Wu Jian
Xom

Shops:
D:2 :   D:6 ===   Orc:1 =   Orc:2 !*[(

Annotations:
D:3 2 runed translucent doors
D:5 2 transporters, 333guts333's ghost, novice MiGl
D:6 3 runed translucent doors, ChinnyChinChin's ghost, novice DrCj


Innate Abilities, Weirdness & Mutations

Your serpentine skin is tough. (AC +3)
You have supernaturally acute eyesight. (SInv)
Armour fits poorly on your strangely shaped body.
Your system is resistant to poisons. (rPois)
You cover ground very slowly.
You can spit poison.
You have a snake-like lower body.


Message History

A wave of flame ripples out!
The flame wave engulfs the orc knight!
The orc knight is lightly wounded.
The flame wave engulfs the red devil but does no damage.
You finish channelling waves of flame.
The red devil hits you from afar with a +0 trident!
* * * LOW HITPOINT WARNING * * *
Barbed spikes become lodged in your body.
The orc knight is engulfed in seething chaos.
The orc knight suddenly stops moving!
As you read the scroll of teleportation, it crumbles to dust.
You feel strangely unstable. The red devil completely misses you.
Aiming: Thunderbolt
Press: ? - help, Shift-Dir - straight line, f - orc knight
Aim: an orc knight, wielding a +0 arbalest and wearing a +0 plate armour of willpower (lightly wounded, paralysed)
The thunderbolt hits the orc knight!!
The orc knight is moderately wounded.
The thunderbolt hits the orc knight.
The orc knight is moderately wounded.
The lightning rod overheats!
The red devil hits you from afar with a +0 trident!
* * * LOW HITPOINT WARNING * * *
Barbed spikes become lodged in your body.
The helpless orc knight fails to defend itself.
You slash the orc knight!
The orc knight looks as sick as possible!
The orc knight is moderately wounded.
The red devil barely misses you.
An orc wizard comes into view. It is wielding a +0 dagger.
The helpless orc knight fails to defend itself.
You slash the orc knight!
The orc knight looks as sick as possible!
The orc knight is severely wounded.
The red devil hits you from afar with a +0 trident!
* * * LOW HITPOINT WARNING * * *
Barbed spikes become lodged in your body.
The orc knight roars a battlecry!
The orcs go into a battle-frenzy!
The red devil hits you from afar with a +0 trident!!
You die...
Your body glows with a rainbow of weird colours and disappears.

... .)##....# #.# #o###.... #o#
##)# #.... #o# ##.)# #.... #)#
###.o####.... ###
...####)####o4)## #..... ..##
#....)o4..o4### #..... ...###
######o###### #.....
..##.###########@###########.....
.................................
.................................
.................................
...#.............................
...#.............................
.................................
....................∩.......#....
....#............................


You could see 3 orc knights, a red devil (summoned) and an orc wizard (strong).

Vanquished Creatures
  Erolcha (D:9)
  2 two-headed ogres (Orc:2)
  2 orc knights (Orc:2)
  Pikel (D:9)
  5 orc sorcerers
  Maggie (D:7)
  2 trolls
  A hornet (D:9)
  Sigmund (D:2)
  3 yaks
  A wyvern (D:8)
  A steam dragon (D:9)
  2 wargs (Orc:1)
  A water moccasin (D:8)
  12 orc warriors
  A sky beast (D:6)
  8 ogres
  4 centaurs
  4 lemures (D:9)
  A kobold brigand (D:5)
  2 phantoms
  3 bullfrogs
  2 scorpions
  A gnoll sergeant (D:6)
  7 wights
  3 killer bees (D:7)
  2 jellies
  Crazy Yiuf (D:2)
  4 hounds
  12 orc priests
  11 orc wizards
  A sleepcap (D:5)
  3 iguanas
  Robin (D:2)
  10 gnolls
  5 adders
  2 white imps
  3 worms
  5 dart slugs
  44 orcs
  10 bats
  5 endoplasms
  5 giant cockroaches
  11 goblins
  10 hobgoblins
  2 jackals (D:1)
  8 kobolds
  5 quokkas
  A goblin zombie (D:4)
  A quokka zombie (D:4)
  4 rats
238 creatures vanquished.

Vanquished Creatures (others)
  An orc warrior (Orc:2)
  A dart slug (D:5)
  41 foxfires
  6 plants (D:5)
49 creatures vanquished.

Grand Total: 287 creatures vanquished

Notes
Turn   | Place    | Note
-------+----------+-------------------------------------------
     0 | D:1      | porkupine the Naga Fire Elementalist began the quest for
                  | the Orb.
     0 | D:1      | Reached XP level 1. HP: 15/15 MP: 3/3
   276 | D:1      | Reached XP level 2. HP: 22/22 MP: 5/5
   279 | D:1      | Learned a level 2 spell: Scorch
   804 | D:2      | Noticed Robin
   804 | D:2      | You fall into a shaft and drop 2 floors!
   811 | D:4      | Reached XP level 3. HP: 30/30 MP: 3/6
   866 | D:4      | Reached skill level 1 in Translocations
   866 | D:4      | Reached XP level 4. HP: 37/37 MP: 4/7
   870 | D:4      | Learned a level 3 spell: Volatile Blastmotes
   904 | D:4      | Noticed a phantom
  1085 | D:3      | Identified a scroll of acquirement
  1085 | D:3      | Acquired the +3 lajatang of War {venom, Str+3}
  1133 | D:3      | Found a large runed translucent door.
  1133 | D:3      | Found a large runed translucent door.
  1138 | D:3      | Found a shimmering altar of Xom.
  1167 | D:2      | Reached skill level 1 in Ranged Weapons
  1170 | D:2      | Reached skill level 1 in Fighting
  1190 | D:2      | Killed Robin
  1393 | D:2      | Found a runed translucent door.
  1394 | D:2      | Noticed Crazy Yiuf
  1403 | D:2      | Killed Crazy Yiuf
  1404 | D:2      | Reached XP level 5. HP: 44/44 MP: 3/8
  1470 | D:2      | Found Hacwexurph's Vocational Training.
  1582 | D:2      | Noticed Sigmund
  1596 | D:2      | Killed Sigmund
  1597 | D:2      | Reached skill level 1 in Staves
  1597 | D:2      | Reached XP level 6. HP: 49/52 MP: 2/10
  1722 | D:2      | Learned a level 4 spell: Flame Wave
  2450 | D:3      | Found a sparkling altar of Nemelex Xobeh.
  2454 | D:3      | Became a worshipper of Nemelex Xobeh the Trickster
  2593 | D:3      | Found a faded altar of an unknown god.
  2878 | D:4      | Identified the +0 leather armour of Qazlal's Felicitations
                  | {rPois MP+9}
  3001 | D:4      | Found a white marble altar of Elyvilon.
  3571 | D:5      | Entered Level 5 of the Dungeon
  3628 | D:4      | Reached XP level 7. HP: 57/60 MP: 11/11
  3778 | D:5      | Reached * piety under Nemelex Xobeh
  3800 | D:5      | Reached skill level 4 in Fire Magic
  4074 | D:5      | Found a broken altar of Ashenzari.
  4148 | D:5      | Identified the +3 trident of Calamity {vamp, *Rage Will+
                  | MP+9 Int+2}
  4293 | D:5      | Reached XP level 8. HP: 59/68 MP: 1/13
  4295 | D:5      | Found a shimmering altar of Xom.
  4471 | D:5      | Found a transporter.
  4477 | D:5      | Found a transporter.
  4481 | D:5      | Noticed 333guts333's ghost (novice MiGl)
  4762 | D:6      | Identified the +4 chain mail of Pragmatism {Fly rElec Str+5
                  | Stlth-}
  4895 | D:6      | Received a gift from Nemelex Xobeh
  4913 | D:6      | Found a runed translucent gate.
  4913 | D:6      | Found a runed translucent gate.
  4913 | D:6      | Found a runed translucent gate.
  4917 | D:6      | Found an opulent altar of Gozag.
  4917 | D:6      | Noticed a troll
  4920 | D:6      | Noticed ChinnyChinChin's ghost (novice DrCj)
  5199 | D:6      | Reached ** piety under Nemelex Xobeh
  5237 | D:6      | Found Ticva's Jewellery Shoppe.
  5258 | D:6      | Found Edanuop's Jewellery Shoppe.
  5258 | D:6      | Found Sygarre's Jewellery Shoppe.
  5665 | D:7      | Found a staircase to the Ecumenical Temple.
  5677 | D:7      | Reached skill level 5 in Fire Magic
  5679 | D:7      | Reached XP level 9. HP: 70/78 MP: 15/15
  6131 | D:7      | Noticed Maggie
  6673 | D:7      | Killed Maggie
  7016 | D:7      | Reached skill level 5 in Conjurations
  7475 | D:8      | Found a hide-covered altar of Uskayaw.
  7477 | D:8      | Found a blossoming altar of Fedhas.
  7639 | D:8      | Received a gift from Nemelex Xobeh
  7866 | D:9      | Reached skill level 5 in Spellcasting
  7876 | D:9      | Reached skill level 6 in Fire Magic
  7876 | D:9      | Reached XP level 10. HP: 59/87 MP: 8/17
  7902 | D:9      | Noticed Pikel
  7908 | D:9      | Reached skill level 5 in Fighting
  8064 | D:9      | Found an iron altar of Okawaru.
  8088 | D:9      | Learned a level 5 spell: Fireball
  8105 | D:9      | Reached *** piety under Nemelex Xobeh
  8182 | D:9      | Received a gift from Nemelex Xobeh
  8291 | D:9      | Found a staircase to the Orcish Mines.
  8313 | D:9      | Killed Pikel
  8422 | D:9      | Found an ornate altar of the Wu Jian Council.
  8565 | Orc:1    | Entered Level 1 of the Orcish Mines
  8565 | Orc:1    | Noticed Erolcha
  8565 | Orc:1    | Found Duxaidd's Jewellery Boutique.
  8633 | D:9      | Killed Erolcha
  8634 | D:9      | Reached skill level 5 in Staves
  8790 | Orc:1    | Noticed an orc sorcerer
  8798 | Orc:1    | Noticed a soul eater
  8801 | Orc:1    | Killed an orc sorcerer
  8802 | Orc:1    | Reached skill level 5 in Ranged Weapons
  9015 | Orc:2    | Entered Level 2 of the Orcish Mines
  9018 | Orc:2    | Reached skill level 5 in Dodging
  9043 | Orc:1    | Reached skill level 7 in Fire Magic
  9220 | Orc:2    | Found Cyhompoe's Distillery.
  9263 | Orc:2    | Noticed an orc knight
  9427 | Orc:2    | Killed an orc knight
  9428 | Orc:2    | Reached XP level 11. HP: 7/97 MP: 11/20
  9953 | Orc:1    | Noticed an orc knight
 10019 | Orc:2    | Killed an orc knight
 10264 | Orc:2    | Found a staircase to the Elven Halls.
 10902 | Orc:2    | Found Adao's Armour Shoppe.
 10924 | Orc:2    | Found Edu Adwo's General Store.
 10973 | Orc:2    | Noticed a two-headed ogre
 10980 | Orc:2    | Noticed an orc sorcerer
 10984 | Orc:2    | Killed a two-headed ogre
 10991 | Orc:2    | Killed an orc sorcerer
 11197 | Orc:2    | Found Xiomnoes's Antique Weapon Shoppe.
 11255 | Orc:2    | Reached **** piety under Nemelex Xobeh
 11255 | Orc:2    | Received a gift from Nemelex Xobeh
 11270 | Orc:2    | Noticed a two-headed ogre
 11277 | Orc:2    | Killed a two-headed ogre
 11367 | Orc:2    | Noticed an orc sorcerer
 11372 | Orc:2    | Killed an orc sorcerer
 11373 | Orc:2    | Reached skill level 8 in Fire Magic
 11377 | Orc:2    | Noticed an orc knight
 11380 | Orc:2    | Noticed an orc sorcerer
 11382 | Orc:2    | Noticed an orc knight
 11385 | Orc:2    | Noticed an orc high priest
 11386 | Orc:2    | Killed an orc sorcerer
 11386 | Orc:2    | Noticed an orc knight
 11387 | Orc:2    | Reached skill level 1 in Invocations
 11391 | Orc:2    | Noticed an orc sorcerer
 11397 | Orc:2    | Killed an orc sorcerer
 11403 | Orc:2    | Noticed an orc knight
 11409 | Orc:2    | Mangled by a red devil

Illustrated notes

Levels and vault maps discovered:
D:1:      dpeg_chamrin_arrival_tetris, layout_basic
D:2:      layout_rooms, serial_corexii_hall, corexii_hall_statues_i,
          corexii_hall_statues_l, corexii_hall_statues_u,
          corexii_hall_statues_u, nicolae_shop_vocational, uniq_robin,
          uniq_sigmund, uniq_crazy_yiuf_cottage
D:3:      due_chaos_kobolds, layout_basic, nemelex_dance_club_becter,
          hellmonk_ecumenical_altar_run_dry, gup_sewer_entry_bowl, minivault_23,
          chequers_mini_garden, minmay_misc_feat_pillars, minmay_crystal_room
D:4:      layout_basic, amcnicky_altar_gilded, enter_ossuary_4
D:5:      layout_rooms, mainiacjoe_overflow_small_starburst,
          xom_confusion_cloud, gammafunk_ghost_gnarly_gnolls
D:6:      layout_basic, ebering_ghost_gozag, nicolae_shop_distant_corner_stores
D:7:      layout_basic, minmay_temple_entry_wispy, uniq_maggie
D:8:      layout_gridville, nicolae_overflow_hidden_temple, minmay_checkerbox
D:9:      layout_cave_pools, okawaru_metal_pillars_1_2,
          pdpol_wu_jian_five_deadly_venoms, orc_0_dummy, uniq_pikel
Orc:1:    layout_diamond_mine, serial_shops, shop, mines2_david, uniq_erolcha
Orc:2:    st_orc_elflike, layout_diamond_mine, serial_shops,
          nicolae_shop_crystal, nicolae_shop_hallway_plus, shop,
          nicolae_shop_tiny_waterfront

Skill      XL: |  1  2  3  4  5  6  7  8  9 10 11 |
---------------+----------------------------------+-----
Translocations | 1 2 |  2.0
Ranged Weapons | 1 2 3 4 5 |  5.7
Fighting       | 1 2 3 4 5 6 |  6.2
Dodging        | 2 3 4 5 |  5.5
Staves         | 1 2 3 4 5 6 |  6.0
Conjurations   | 2 3 4 5 6 7 |  7.8
Spellcasting   | 3 4 5 6 7 |  7.2
Fire Magic     | 4 5 6 7 8 |  8.2
Invocations    | 1 |  1.3
Stealth        | |  3.0

Action                     |  1- 3 |  4- 6 |  7- 9 | 10-12 || total
---------------------------+-------+-------+-------+-------++-------
  Melee: Dagger            |     2 |       |       |       ||     2
         Lajatang          |       |    38 |    59 |   146 ||   243
   Fire: Sling             |    29 |    44 |     9 |       ||    82
         Shortbow          |       |       |    40 |       ||    40
         Arbalest          |       |       |       |    68 ||    68
   Cast: Foxfire           |     2 |     5 |    15 |     5 ||    27
         Scorch            |     5 |    34 |    82 |    57 ||   178
         Volatile Blastmot |       |     2 |     4 |     1 ||     7
         Flame Wave        |       |       |     2 |    13 ||    15
         Fireball          |       |       |       |     1 ||     1
Ability: Spit Poison       |    10 |    15 |    25 |    23 ||    73
  Evoke: Wand              |       |       |     7 |     6 ||    13
         Lightning rod     |       |       |       |     5 ||     5
    Use: Scroll            |     3 |     6 |     9 |     1 ||    19
         Potion            |       |     1 |     3 |       ||     4
   Stab: Sleeping          |     1 |       |       |       ||     1
         Paralysed         |       |       |       |     2 ||     2
 Armour: Robe              |       |    23 |       |       ||    23
         Leather armour    |       |     4 |    66 |   118 ||   188
  Dodge: Dodged            |     6 |    38 |    73 |   141 ||   258
